 Dungeon Crawl Stone Soup version 0.32-a0-418-g34023cf50c (webtiles) character file.

Game seed: 13627482990791314498

67 Asfel the Sneak (level 4, 0/30 HPs)
             Began as an Octopode Brigand on Feb 21, 2024.
             Succumbed to an adder's poison
             ... on level 2 of the Dungeon.
             The game lasted 00:05:13 (1087 turns).

Asfel the Sneak (Octopode Brigand)                  Turns: 1087, Time: 00:05:14

Health: 0/30       AC:  1    Str: 10    XL:     4   Next: 16%
Magic:  4/4        EV: 12    Int: 13    God:
Gold:   37         SH:  0    Dex: 15    Spells: 3/3 levels left

rFire   . . .        a - +2 dagger
rCold   . . .        (no shield)
rNeg    . . .        (helmet restricted)
rPois   .            (no amulet)
rElec   .            (no ring)
rCorr   .            (no ring)
SInv    .            (no ring)
Will    .....        (no ring)
Stlth   ++++         (no ring)
HPRegen 0.25/turn    (no ring)
MPRegen 0.09/turn    (no ring)
                     (no ring)

%: no passive effects
@: lethally poisoned (0 -> -2)
A: almost no armour, amphibious, 8 rings, camouflage 1, gelatinous body 1,
(nimble swimmer 1), tentacles
a: no special abilities


You were on level 2 of the Dungeon.
You visited 1 branch of the dungeon, and saw 2 of its levels.

You collected 37 gold pieces.

Inventory:

Hand Weapons
 a - a +2 dagger (weapon)
 n - a +0 sling
Missiles
 b - 7 poisoned darts (quivered)
 c - 3 curare-tipped darts
Armour
 i - a +0 plate armour
Scrolls
 d - a scroll of brand weapon {unknown}
 g - a scroll of amnesia {unknown}
 h - a scroll of teleportation {unknown}
 j - 3 scrolls of identify {unknown}
 o - a scroll of fog {unknown}
Potions
 e - 2 potions of lignification {unknown}
 f - a potion of magic {unknown}
 k - 2 potions of heal wounds {unknown}
 l - a potion of resistance {unknown}
 m - a potion of curing {unknown}


   Skills:
 + Level 2.4 Fighting
 + Level 2.1 Short Blades
 * Level 0.6 Ranged Weapons
 * Level 2.9 Throwing
 + Level 1.0 Dodging
 + Level 6.4 Stealth


You had 3 spell levels left.
You didn't know any spells.
Your spell library was empty.

Dungeon Overview and Level Annotations

Branches:
Dungeon (2/15)

Altars:


Innate Abilities, Weirdness & Mutations

You cannot wear most types of armour.
You are amphibious.
You can wear up to eight rings at the same time.
Your skin changes colour to match your surroundings (Stealth+).
Your rubbery body absorbs attacks. (AC +1, EV +1)
((You are camouflaged when in or above water. (Stealth+)))
You have tentacles for arms and can constrict up to eight enemies at once.


Message History

Aim: an adder (35% to hit)
You shoot a sling bullet.
The sling bullet barely misses the adder.
The sling bullet hits the frilled lizard.
You kill the frilled lizard!
You feel very sick. The adder bites you.
You are more poisoned.
The adder poisons you!
A rat comes into view.
The adder misses you.
a - a +2 dagger (weapon)
You feel sick. The adder bites you.
You miss the adder.
The rat squeaks loudly.
You grab the adder. You constrict the adder.
You feel sick. The adder misses you.
You hit the adder but do no damage.
The adder is lightly wounded.
You constrict the adder.
You feel sick. The adder misses you.
An endoplasm comes into view.
The endoplasm quivers.
You hit the adder. You squeeze the adder!
You kill the adder!
* * * LOW HITPOINT WARNING * * *
You feel sick.
A goblin comes into view. It is wielding a +0 dagger.
You have reached level 4!
The goblin shouts!
You hit the hobgoblin.
You kill the hobgoblin!
You feel sick.
The hobgoblin throws a stone.
The stone hits you.
* * * LOW HITPOINT WARNING * * *
* * * LOW HITPOINT WARNING * * *
You feel sick.
* * * LOW HITPOINT WARNING * * *
You feel sick.
* * * LOW HITPOINT WARNING * * *
You feel sick.
You die...

#.~≈≈≈≈~~≈≈~
#..≈≈≈♣..~~~ #####
#.~≈≈≈♣_♣~~~ #...#
#.~~≈≈~.~≈≈~
#...#######.~≈≈≈≈~~~~~
#....##...#.~≈≈≈≈≈≈≈≈≈
##...........≈≈≈~≈~≈≈~≈
#.............~.~.~~~~.
#.....@......~.~.....~~
#...............#####..
##[.............# #..
#..............# #..
#.#..##........# ###
#r#.g..........# #.
#.#.#...#......# #.
.†.g....##.....# #.
....###...#.......###..


You could see a hobgoblin, a goblin and a rat.

Vanquished Creatures
  2 adders (D:2)
  4 bats (D:1)
  An endoplasm (D:1)
  2 giant cockroaches (D:1)
  3 goblins (D:1)
  3 hobgoblins (D:2)
  4 quokkas (D:1)
  2 ball pythons (D:2)
  3 frilled lizards (D:2)
  A kobold (D:1)
  2 rats
27 creatures vanquished.

Notes
Turn   | Place    | Note
-------+----------+-------------------------------------------
     0 | D:1      | Asfel the Octopode Brigand began the quest for the Orb.
     0 | D:1      | Reached XP level 1. HP: 14/14 MP: 1/1
   124 | D:1      | Reached XP level 2. HP: 19/19 MP: 2/2
   212 | D:1      | Reached skill level 6 in Stealth
   405 | D:1      | Reached XP level 3. HP: 24/24 MP: 3/3
   960 | D:2      | Found a faded altar of an unknown god.
  1083 | D:2      | Reached XP level 4. HP: 8/30 MP: 4/4
  1085 | D:2      | HP: 1/30 [poisoned by an adder]
  1087 | D:2      | Succumbed to an adder's poison

Illustrated notes

Levels and vault maps discovered:
D:1:      wander_arrival_desolate, layout_rooms, serial_co_window_serial,
          co_window_corner_a, co_window_corner_a, co_window_paths_b,
          co_window_paths_a, co_window_paths_a, co_window_paths_a,
          co_window_paths_a, co_window_corner_cb, co_window_of_opportunity_c,
          co_window_of_opportunity_c, co_window_of_opportunity_b,
          co_window_unsneaky_path_a, glass_columns_a, glass_columns_a,
          glass_columns_b, glass_columns_c, roderic_roman_lattice,
          minmay_pentomino_w2
D:2:      layout_rooms, chequers_ecumenical_altar_island, basic_altar,
          minmay_fractal_squares_5

Skill      XL: |  1  2 |
---------------+-------+-----
Stealth        | 6 |  6.4
Fighting       | |  2.4
Short Blades   | |  2.1
Ranged Weapons | |  0.6
Throwing       | |  2.9
Dodging        | |  1.0

Action                     |  1- 3 |  4- 6 || total
---------------------------+-------+-------++-------
  Melee: Dagger            |    26 |     1 ||    27
         Constrict         |     6 |       ||     6
         Tentacles         |     5 |       ||     5
   Fire: Sling             |    14 |       ||    14
  Throw: Dart              |    39 |       ||    39
   Stab: Sleeping          |     6 |       ||     6
 Armour: Skin              |    17 |     1 ||    18
  Dodge: Dodged            |    22 |       ||    22

Table legend: (Time is in decaauts)
 A = Elapsed time spent in this place.
 B = Non-inter-level travel time spent in this place.
 C = Inter-level travel time spent in this place.
 D = Time resting spent in this place.
 E = Time spent auto-exploring this place.
 F = Levels seen in this place.
 G = Mean time per level.
                   A        B        C        D        E       F      G
               +--------+--------+--------+--------+--------+-----+--------+
         Total |   1083 |    986 |     97 |      0 |    762 |   2 |  541.5 |
       Dungeon |   1083 |    986 |     97 |      0 |    762 |   2 |  541.5 |
               +--------+--------+--------+--------+--------+-----+--------+

Top non-repeatable levels by time:
     D:1: 880 daAuts
     D:2: 202 daAuts
